 Dungeon Crawl Stone Soup version 0.19.5 (webtiles) character file.

1209 Xaypricot the Poker (level 8, -7/52 HPs)
             Began as a Merfolk Transmuter on Apr 20, 2017.
             Was a Believer of Hepliaklqana.
             Killed from afar by an efreet (25 damage)
             ... with a bolt of fire
             ... on level 7 of the Dungeon.
             The game lasted 01:25:30 (5928 turns).

Xaypricot the Poker (Merfolk Transmuter)            Turns: 5928, Time: 01:25:31

Health: -7/52      AC:  2    Str: 11    XL:     8   Next: 45%
Magic:  12/15      EV: 17    Int: 13    God:    Hepliaklqana [**....]
Gold:   304        SH:  0    Dex: 15    Spells: 3 memorised, 10 levels left

rFire  . . .     SeeInvis .     e - +0 trident (venom)
rCold  . . .     Gourm    .     J - +0 robe
rNeg   + . .     Faith    .     (no shield)
rPois  .         Spirit   .     (no helmet)
rElec  .         Reflect  .     (no cloak)
rCorr  .         Harm     .     (no gloves)
MR     .....                    (no boots)
Stlth  ++........               (no amulet)
                                C - ring of positive energy
                                g - +2 ring of evasion

@: no status effects
A: change form in water, swift swim, stealthy swim, reduced essence
a: Recall Ancestor, Ancestor Identity, Renounce Religion


You were on level 7 of the Dungeon.
You worshipped Hepliaklqana.
Hepliaklqana was pleased with you.
You were not hungry.

You visited 1 branch of the dungeon, and saw 6 of its levels.
You also visited: Sewer.

You collected 304 gold pieces.

Inventory:

Hand Weapons
 e - a +0 trident of venom (weapon)
Missiles
 a - 135 arrows
 l - 212 stones (quivered)
 s - a throwing net
Armour
 J - a +0 robe (worn)
Jewellery
 g - a +2 ring of evasion (left hand)
 v - a +4 ring of evasion
 C - a ring of positive energy (right hand)
 F - a +1 ring of slaying {unknown}
Wands
 p - a wand of iceblast (5/15)
 I - a wand of flame (28/48)
Scrolls
 j - a scroll of recharging
 n - 2 scrolls of remove curse
 q - 5 scrolls of teleportation
 t - a scroll of fog
 u - a scroll of magic mapping
 w - 3 scrolls of random uselessness
 y - a scroll of blinking
 B - a scroll of identify
 G - a scroll of fear
Potions
 b - a potion of haste {unknown}
 h - a potion of mutation
 k - a potion of cancellation
 m - a potion of degeneration
 r - a potion of lignification {unknown}
 x - a potion of might {unknown}
 z - a potion of flight {unknown}
 A - a potion of agility
 E - a potion of magic {unknown}
Books
 c - a book of Changes

   Spells                             Type                      Level
   a - Beastly Appendage              Transmutation                1
   b - Sticks to Snakes               Transmutation                2
   c - Spider Form                    Transmutation/Poison         3
   d - Ice Form                       Ice/Transmutation            4
   e - Blade Hands                    Transmutation                5
 D - a book of Misfortune

   Spells                             Type                      Level
   a - Confusing Touch                Hexes                        1
   b - Confuse                        Hexes                        3
   c - Gell's Gravitas                Hexes/Translocation          3
   d - Petrify                        Transmutation/Earth          4
   e - Metabolic Englaciation         Hexes/Ice                    5
   f - Yara's Violent Unravelling     Hexes/Transmutation          5
Comestibles
 d - 2 bread rations
 f - 3 meat rations
 i - 8 fruits
 o - a beef jerky
 H - 2 chunks of flesh


   Skills:
 + Level 3.4 Fighting
   Level 1.0 Short Blades
 + Level 7.2 Polearms
 + Level 4.7 Dodging
 + Level 2.4 Stealth
 + Level 4.0 Unarmed Combat
 + Level 4.8 Spellcasting
 + Level 5.8 Transmutations


You had 10 spell levels left.
You knew the following spells:

 Your Spells              Type           Power        Failure   Level  Hunger
a - Beastly Appendage     Tmut           ###...       1%          1    None
b - Sticks to Snakes      Tmut           ###.....     2%          2    ##.....
c - Spider Form           Tmut/Pois      ##........   17%         3    ###....


Dungeon Overview and Level Annotations

Branches:
Dungeon (5/15)
 Temple: D:4-7

Altars:
Fedhas
Hepliaklqana
Kikubaaqudgha
Makhleb
Qazlal
Ru
Vehumet


Message History

Yayatum hits the worker ant with a flail.
The worker ant bites Yayatum but does no damage.
Attack whom?
Press: ? - help, Dir - move target cursor, f - efreet, p - worker ant
Aim: an efreet, wielding a scimitar of flaming (heavily wounded, poisoned)
You could not reach far enough!
The worker ant bites Yayatum but does no damage.
The efreet closely misses Yayatum.
Yayatum blocks the worker ant's attack.
Yayatum hits the worker ant with a flail!
An orc comes into view. It is wielding a falchion.
Casting: Beastly Appendage
Confirm with . or Enter, or press ? or * to list all spells.
You create a snake!
You now have 135 arrows.
The worker ant bites Yayatum but does no damage.
Yayatum blocks the worker ant's attack.
The efreet gestures at you.
The bolt of fire hits Yayatum.
Yayatum resists.
The bolt of fire hits you!
You die...

.# ########..#
......#..#
......#.## #
..#...#.#
#.###.#....#.#
#..oa.#S....#
#aR@..#
#R###.#
#ยง....#
$..#.....
###.# ###. .#
.. ##


You could see the friendly Yayatum the knight, an efreet, 2 worker ants, an orc
and a friendly adder.

Vanquished Creatures
  A centaur (D:5)
  A scorpion (D:4)
  3 bullfrog zombies (D:4)
  An orc priest (D:3)
  2 iguanas
  3 worker ants
  A hound skeleton (D:4)
  A worker ant zombie (D:5)
  3 gnolls (D:5)
  8 adders
  A river rat (D:4)
  A shadow imp (D:5)
  3 oozes
  2 adder skeletons (D:4)
  8 worms
  2 dart slugs
  6 leopard geckos
  15 orcs
  13 bats
  5 giant cockroaches
  4 goblins
  7 hobgoblins
  8 jackals
  2 quokkas
  5 frilled lizards
  A giant cockroach zombie (D:4)
  A jackal zombie (D:4)
  13 kobolds
  A leopard gecko zombie (D:4)
  A quokka skeleton (D:5)
  4 rats
127 creatures vanquished.

Vanquished Creatures (collateral kills)
  The ghost of MirrMurr the Ducker, a novice SpBe of Trog (D:5)
  A centaur (D:5)
  A centaur zombie (D:4)
  A bullfrog zombie (D:4)
  A hound zombie (D:4)
  4 hound skeletons
  An adder (D:5)
  4 oozes (Sewer)
  2 adder zombies (D:4)
  A worm (D:2)
  A dart slug (D:1)
  2 leopard geckos (D:4)
  4 orcs
  A ball python (D:4)
  A giant cockroach (D:4)
  A goblin (D:1)
  3 jackals
  A ball python skeleton (D:5)
  A bat (Sewer)
  2 jackal zombies (D:4)
  A quokka zombie (D:4)
  2 rats (D:4)
  A withered plant (D:4)
38 creatures vanquished.

Vanquished Creatures (others)
  A human (D:2)
  An ancestor (D:5)
2 creatures vanquished.

Grand Total: 167 creatures vanquished

Notes
Turn   | Place    | Note
-------+----------+-------------------------------------------
     0 | D:1      | Xaypricot the Merfolk Transmuter began the quest for the Orb.
     0 | D:1      | Reached XP level 1. HP: 15/15 MP: 3/3
   225 | D:1      | Reached XP level 2. HP: 12/21 MP: 3/5
   232 | D:1      | Learned a level 2 spell: Sticks to Snakes
   765 | D:1      | Reached XP level 3. HP: 26/26 MP: 4/6
   773 | D:1      | Learned a level 3 spell: Spider Form
  1172 | D:2      | Reached skill level 1 in Short Blades
  1418 | D:2      | Found an ancient bone altar of Kikubaaqudgha.
  1425 | D:2      | Reached XP level 4. HP: 28/32 MP: 2/7
  1435 | D:2      | Noticed a human
  1437 | D:2      | Killed a human
  1482 | D:2      | Found an ancient bone altar of Kikubaaqudgha.
  1575 | D:2      | Reached skill level 1 in Polearms
  2054 | D:3      | Reached skill level 2 in Polearms
  2107 | D:3      | Reached XP level 5. HP: 25/37 MP: 8/8
  2264 | D:3      | Found a sacrificial altar of Ru.
  2273 | D:3      | Became a worshipper of Ru the Awakened
  3070 | D:3      | Found a radiant altar of Vehumet.
  3070 | D:3      | Found a stormy altar of Qazlal.
  3220 | D:4      | Found a hazy altar of Hepliaklqana.
  3227 | D:4      | Fell from the grace of Ru
  3227 | D:4      | Became a worshipper of Hepliaklqana the Forgotten
  3261 | D:4      | Reached skill level 3 in Polearms
  3261 | D:4      | Reached XP level 6. HP: 27/39 MP: 8/10
  3434 | D:4      | Found a glowing drain.
  3449 | Sewer    | Entered a sewer
  4007 | Sewer    | Reached skill level 4 in Polearms
  4010 | Sewer    | Reached XP level 7. HP: 37/45 MP: 9/12
  4314 | D:4      | Reached * piety under Hepliaklqana
  4501 | D:4      | Reached skill level 1 in Stealth
  4558 | D:4      | Reached skill level 5 in Transmutations
  4860 | D:5      | Entered Level 5 of the Dungeon
  4881 | D:5      | Reached skill level 5 in Polearms
  5254 | D:5      | Noticed MirrMurr's ghost (novice SpBe)
  5276 | D:5      | Killed MirrMurr's ghost
  5276 | D:5      | Reached skill level 6 in Polearms
  5276 | D:5      | Reached XP level 8. HP: 17/52 MP: 8/14
  5321 | D:5      | Reached ** piety under Hepliaklqana
  5322 | D:5      | Remembered your ancestor Yayatum as a knight
  5382 | D:5      | Found a burning altar of Makhleb.
  5422 | D:5      | Found a blossoming altar of Fedhas.
  5598 | D:5      | Reached skill level 7 in Polearms
  5912 | D:5      | You fall through a shaft for 2 floors!
  5918 | D:7      | Noticed an efreet
  5928 | D:7      | Killed from afar by an efreet

Skill      XL: |  1  2  3  4  5  6  7  8 |
---------------+-------------------------+-----
Dodging        | 3 4 |  4.7
Transmutations | 3 4 5 |  5.8
Unarmed Combat | 4 |  4.0
Short Blades   | 1 |  1.0
Polearms       | 2 3 4 6 7 |  7.2
Spellcasting   | 3 4 |  4.8
Fighting       | 2 3 |  3.4
Stealth        | 2 |  2.4

Action                   |  1- 3 |  4- 6 |  7- 9 || total
-------------------------+-------+-------+-------++-------
Melee: Unarmed           |    37 |       |       ||    37
       Headbutt          |    13 |    35 |    19 ||    67
       Short sword       |    60 |       |       ||    60
       Spear             |    34 |   105 |       ||   139
       Punch             |     1 |     4 |       ||     5
       Trident           |       |   129 |   141 ||   270
       Tailslap          |       |     3 |       ||     3
 Cast: Beastly Appendage |    21 |    24 |    17 ||    62
       Sticks to Snakes  |     5 |    18 |    15 ||    38
Invok: Recall Ancestor   |       |       |     2 ||     2
       Ancestor Life: Kn |       |       |     1 ||     1
  Use: Scroll            |     7 |     8 |     1 ||    16
       Potion            |     1 |     4 |       ||     5
 Stab: Distracted        |       |     2 |     1 ||     3
       Sleeping          |       |     1 |     1 ||     2
  Eat: Chunk             |     2 |    11 |     2 ||    15
       Meat ration       |       |       |     1 ||     1
Armor: Robe              |    12 |    21 |    12 ||    45
Dodge: Dodged            |   104 |   198 |    92 ||   394
